 Dungeon Crawl Stone Soup version 0.27.1-33-g824d729ab1 (webtiles) character file.

Game seed: 8208341725986849075

84 safid the Skirmisher (level 4, -3/41 HPs)
             Began as a Hill Orc Fighter on Nov 26, 2021.
             Slain by a gnoll (5 damage)
             ... on level 2 of the Dungeon.
             The game lasted 00:02:02 (1426 turns).

safid the Skirmisher (Hill Orc Fighter)             Turns: 1426, Time: 00:02:02

Health: -3/41      AC:  6    Str: 19    XL:     4   Next: 46%
Magic:  4/4        EV:  7    Int:  8    God:
Gold:   27         SH:  9    Dex: 10    Spells: 3/3 levels left

rFire    . . .     SeeInvis .   a - +0 war axe
rCold    . . .     Faith    .   c - +0 kite shield
rNeg     . . .     Spirit   .   b - +0 scale mail
rPois    .         Reflect  .   (no helmet)
rElec    .         Harm     .   (no cloak)
rCorr    .         Rampage  .   (no gloves)
Will     .....                  (no boots)
Stlth    ..........             (no amulet)
HPRegen  0.13/turn              (no ring)
MPRegen  0.09/turn              (no ring)

@: mighty
A: no striking features
a: no special abilities


You were on level 2 of the Dungeon.
You visited 1 branch of the dungeon, and saw 2 of its levels.

You collected 27 gold pieces.

Inventory:

Hand Weapons
 a - a +0 war axe (weapon)
Missiles
 e - 4 javelins (quivered)
Armour
 b - a +0 scale mail (worn)
 c - a +0 kite shield (worn)
Scrolls
 f - a scroll of enchant weapon {unknown}
 h - a scroll of identify {unknown}
 i - a scroll of amnesia {unknown}
Potions
 g - a potion of lignification {unknown}


   Skills:
 + Level 4.6 Fighting
 + Level 4.1 Axes
 - Level 3.2 Armour
 + Level 4.2 Shields


You had 3 spell levels left.
You didn't know any spells.
Your spell library contained the following spells:

 Spells                   Type           Power      Damage    Failure   Level
 Magic Dart               Conj           0%         1d3       99%         1
 Call Imp                 Summ           0%         N/A       100%        2
 Mephitic Cloud           Conj/Pois/Air  0%         N/A       100%        3
 Ozocubu's Armour         Ice            0%         N/A       100%        3
 Ozocubu's Refrigeration  Ice            0%         4d5       100%        7


Dungeon Overview and Level Annotations

Branches:
Dungeon (2/15)

Altars:


Message History

You block the gnoll's attack. The gnoll hits you with a +0 flail.
You have reached level 4!
You feel very mighty all of a sudden. You block the gnoll's attack.
The gnoll hits you but does no damage.
You barely miss the gnoll. You hit the gnoll. You block the gnoll's attack.
A gnoll comes into view. It is wielding a +0 flail.
The gnoll hits you but does no damage. The gnoll completely misses you.
You block the gnoll's attack. x2
Unknown command.
The gnoll shouts!
You hit the gnoll.
The gnoll is severely wounded.
You closely miss the gnoll. You block the gnoll's attack.
The gnoll hits you with a +0 flail.
The gnoll hits you from afar with a +0 spear. x2
The gnoll barely misses you. The gnoll closely misses you.
You slash the gnoll!
You kill the gnoll!
You hit the gnoll.
The gnoll hits you from afar with a +0 spear.
You block the gnoll's attack. x2; The gnoll barely misses you. x2
The gnoll hits you from afar with a +0 spear.
* * * LOW HITPOINT WARNING * * *
Your Axes skill increases to level 4!
You barely miss the gnoll.
The gnoll is heavily wounded.
The gnoll hits you with a +0 flail!
* * * LOW HITPOINT WARNING * * *
You block the gnoll's attack. The gnoll closely misses you. x3
You block the gnoll's attack.
Unknown command.
You slash the gnoll!
You kill the gnoll!
The gnoll barely misses you. You block the gnoll's attack.
The gnoll hits you but does no damage.
The gnoll hits you from afar with a +0 spear.
* * * LOW HITPOINT WARNING * * *
Unknown command.
Found 7 gold pieces.
The gnoll hits you with a +0 spear.
You die...

#....# #.## ...?..#
#...[####.# .......
#...#...# ....>..
#.....### $......
###..#.###
.......###....#...#
.....$.....##..##.##
......g.)..###.##..#
......g@.#.......#.#
......g)).#####>.#.###
......g#.............##
.......#.#####.....#..#
.........# #.#(..##.#
.......### #.##.....##
.....## #...#......
..#.# ###.##.#...
###.##.####


You could see 4 gnolls.

Vanquished Creatures
  3 gnolls (D:2)
  An adder (D:2)
  2 dart slugs (D:2)
  3 endoplasms
  A giant cockroach (D:1)
  3 goblins
  6 hobgoblins
  3 jackals (D:1)
  2 quokkas (D:1)
  3 ball pythons
  4 bats (D:1)
  4 frilled lizards
  4 kobolds (D:1)
  2 rats
41 creatures vanquished.

Notes
Turn   | Place    | Note
-------+----------+-------------------------------------------
     0 | D:1      | safid the Hill Orc Fighter began the quest for the Orb.
     0 | D:1      | Reached XP level 1. HP: 19/19 MP: 1/1
   213 | D:1      | Reached XP level 2. HP: 23/27 MP: 2/2
   677 | D:1      | Reached XP level 3. HP: 28/33 MP: 3/3
  1420 | D:2      | Reached XP level 4. HP: 28/41 MP: 4/4
  1425 | D:2      | HP: 2/41 [gnoll (2)]
  1426 | D:2      | Slain by a gnoll

Illustrated notes

Levels and vault maps discovered:
D:1:      dpeg_arrival_round_c, layout_basic, hangedman_decor_diamond_cutter
D:2:      layout_rooms

Skill      XL: |  1  2  3  4 |
---------------+-------------+-----
Axes           | 3 4 |  4.1
Fighting       | 4 |  4.6
Shields        | 4 |  4.2
Armour         | |  3.2

Action                   |  1- 3 |  4- 6 || total
-------------------------+-------+-------++-------
Melee: War axe           |    84 |     5 ||    89
  Use: Potion            |       |     1 ||     1
Armor: Scale mail        |    48 |     3 ||    51
Dodge: Dodged            |    25 |     9 ||    34
Block: Kite shield       |    46 |    10 ||    56
